 Dungeon Crawl Stone Soup version 0.30.0-29-ga12c61a403 (webtiles) character file.

Game seed: 405613938598015628

135 GeoRichter the Gusty (level 5, -4/28 HPs)
             Began as a Tengu Air Elementalist on June 22, 2023.
             Was a Believer of Kikubaaqudgha.
             Succumbed to a scorpion's poison
             ... on level 4 of the Dungeon.
             The game lasted 00:04:12 (3202 turns).

GeoRichter the Gusty (Tengu Air Elementalist)       Turns: 3202, Time: 00:04:13

Health: -4/28      AC:  3    Str:  9    XL:     5   Next: 18%
Magic:  3/10       EV: 14    Int: 17    God:    Kikubaaqudgha [**....]
Gold:   241        SH:  0    Dex: 14    Spells: 2/9 levels left

rFire   . . .        c - +0 dagger
rCold   . . .        (no shield)
rNeg    . . .        a - +0 robe
rPois   .            (helmet restricted)
rElec   .            (no cloak)
rCorr   .            r - +0 pair of gloves
SInv    .            (boots unavailable)
Will    .....        (no amulet)
Stlth   ++           (no ring)
HPRegen 0.24/turn    (no ring)
MPRegen 0.12/turn

%: no passive effects
@: lethally poisoned (-4 -> -36), attractive, flying quickly and evasively,
quick
A: beak, talons 3, nimble flight
a: Renounce Religion, Unearth Wretches


You were on level 4 of the Dungeon.
You worshipped Kikubaaqudgha.
Kikubaaqudgha was pleased with you.
You visited 1 branch of the dungeon, and saw 4 of its levels.

You collected 241 gold pieces.

Inventory:

Hand Weapons
 c - a +0 dagger (weapon)
Armour
 a - a +0 robe (worn)
 r - a +0 pair of gloves (worn)
Scrolls
 b - a scroll of brand weapon {unknown}
 d - a scroll of amnesia {unknown}
 e - 2 scrolls of identify {unknown}
 f - a scroll of poison {unknown}
 j - 2 scrolls of enchant weapon {unknown}
 k - a scroll of noise {unknown}
 m - a scroll of magic mapping {unknown}
Potions
 g - a potion of lignification {unknown}
 h - 2 potions of attraction
 i - a potion of mutation {unknown}
 l - 2 potions of haste {unknown}
 n - a potion of ambrosia {unknown}
 o - 2 potions of might {unknown}
 p - 3 potions of degeneration {unknown}
 q - 2 potions of heal wounds {unknown}


   Skills:
 - Level 2.1 Dodging
 - Level 2.0 Stealth
 + Level 2.9 Spellcasting
 - Level 4.4 Conjurations
 + Level 0.3 Necromancy
 * Level 5.2 Air Magic


You had 2 spell levels left.
You knew the following spells:

 Your Spells              Type           Power      Damage    Failure   Level
a - Shock                 Conj/Air       72%        1d7       2%          1
b - Static Discharge      Conj/Air       36%        2-4/arc   3%          2
c - Airstrike             Air            10%        2d(2-18)  21%         4

Your spell library contained the following spells:

 Spells                   Type           Power      Damage    Failure   Level
 Kiss of Death            Conj/Necr      40%        2d8       7%          1
 Necrotise                Necr           12%        1d4       16%         1
 Sublimation of Blood     Necr           3%         N/A       24%         2
 Swiftness                Air            20%        N/A       6%          3
 Animate Dead             Necr           3%         N/A       83%         4


Dungeon Overview and Level Annotations

Branches:
Dungeon (4/15)
 Temple: D:4-7

Altars:
Kikubaaqudgha

Annotations:
D:2 Sigmund


Innate Abilities, Weirdness & Mutations

You have a beak for a mouth.
You have claws for feet.
Your magical nature lets you fly swiftly and evasively.


Message History

You reach down and open the door.
A scorpion comes into view.
Found a stone staircase leading up.
There is an open door here.
The zap hits the scorpion.
The scorpion is lightly wounded.
The zap hits the scorpion.
The scorpion is lightly wounded.
The zap hits the scorpion.
The scorpion is moderately wounded.
The scorpion stings you!
You are poisoned.
The scorpion poisons you!
Casting: Shock (safe; 2% risk of failure)
Confirm with . or Enter, or press ? or * to list all spells.
The scorpion is struck by an arc of lightning.
The scorpion is heavily wounded.
You are struck by an arc of lightning.
The scorpion is struck by an arc of lightning.
The scorpion is severely wounded.
The lightning grounds out.
You feel very sick. The scorpion closely misses you.
Casting: Static Discharge (safe; 3% risk of failure)
Confirm with . or Enter, or press ? or * to list all spells.
The scorpion is struck by an arc of lightning.
The scorpion is severely wounded.
You are struck by an arc of lightning.
The lightning grounds out.
You feel sick. The scorpion stings you.
* * * LOW HITPOINT WARNING * * *
You are more poisoned.
The scorpion poisons you! The scorpion stings you.
* * * LOW HITPOINT WARNING * * *
You are more poisoned.
The scorpion poisons you!
Unknown command.
It was a potion of attraction.
You feel attractive to monsters.
You die...
Kikubaaqudgha rasps: "You have failed me!
Welcome... death!"

#... .. .#########...
..##+####
.............
........#
.............
........#
............. ......#
............. <...#
............. #s.#
.......<.....
##@################
#..................
#..................
#..................
#.##'#####..###....
####+##..####'########
#.....#.....#...#.....
#.....#.....#...#.....
#.....'.....#...#.....


You could see a scorpion.

Vanquished Creatures
  A jelly (D:3)
  Jessica (D:2)
  An adder (D:3)
  2 dart slugs
  5 orcs (D:3)
  8 endoplasms
  2 giant cockroaches
  2 goblins
  4 hobgoblins
  4 jackals (D:2)
  4 quokkas
  5 ball pythons
  6 bats
  5 frilled lizards
  5 kobolds
  2 rats
57 creatures vanquished.

Notes
Turn   | Place    | Note
-------+----------+-------------------------------------------
     0 | D:1      | GeoRichter the Tengu Air Elementalist began the quest for
                  | the Orb.
     0 | D:1      | Reached XP level 1. HP: 10/10 MP: 4/4
   297 | D:1      | Reached XP level 2. HP: 15/15 MP: 3/6
   966 | D:1      | Learned a level 2 spell: Static Discharge
  1090 | D:2      | Noticed Jessica
  1093 | D:2      | Killed Jessica
  1094 | D:2      | Reached XP level 3. HP: 19/19 MP: 3/7
  1271 | D:2      | Reached XP level 4. HP: 24/24 MP: 0/8
  1351 | D:2      | Found a faded altar of an unknown god.
  1368 | D:2      | Prayed at the altar of an unknown god.
  1368 | D:2      | Became a worshipper of Kikubaaqudgha
  1368 | D:2      | Reached * piety under Kikubaaqudgha
  1368 | D:2      | Received a gift from Kikubaaqudgha
  1475 | D:2      | Noticed Sigmund
  1684 | D:3      | Learned a level 4 spell: Airstrike
  2407 | D:3      | Reached skill level 5 in Air Magic
  2407 | D:3      | Gained mutation: Your magical nature lets you fly swiftly
                  | and evasively. [Tengu growth]
  2407 | D:3      | Reached XP level 5. HP: 23/28 MP: 0/10
  2516 | D:3      | Reached ** piety under Kikubaaqudgha
  3202 | D:4      | Succumbed to a scorpion's poison

Illustrated notes

Levels and vault maps discovered:
D:1:      dpeg_arrival_tiny_f, layout_basic
D:2:      layout_rooms, hellmonk_ecumenical_altar_slurped_away, uniq_jessica,
          uniq_sigmund
D:3:      layout_basic
D:4:      layout_gridville, chequers_serial_rivers_micro_d, uniq_edmund

Skill      XL: |  1  2  3  4 |
---------------+-------------+-----
Conjurations   | 2 3 4 |  4.4
Air Magic      | 5 |  5.2
Dodging        | |  2.1
Stealth        | |  2.0
Spellcasting   | |  2.9
Necromancy     | |  0.3

Action                     |  1- 3 |  4- 6 || total
---------------------------+-------+-------++-------
  Melee: Dagger            |     1 |     1 ||     2
         Kick              |     1 |     1 ||     2
   Cast: Shock             |    53 |    60 ||   113
         Static Discharge  |       |     5 ||     5
    Use: Potion            |       |     2 ||     2
  Dodge: Dodged            |     3 |    10 ||    13
